 Dungeon Crawl Stone Soup version 0.14-a0-2679-gcb94c3d (webtiles) character file.

285008 MackTheKnife the Slayer (level 20, -11/197 (200) HPs)
             Began as a Red Draconian Berserker on Feb 16, 2014.
             Was an Elder of Lugonu.
             Mangled by a stone giant (36 damage)
             ... summoned by the rage of Trog
             ... on Level 4 of the Depths on Feb 17, 2014.
             The game lasted 02:25:19 (53338 turns).

MackTheKnife the Slayer (Red Draconian Berserker)  Turns: 53338, Time: 02:25:19

HP -11/197 (200) AC 19     Str 22      XL: 20   Next: 41%
MP   0/32        EV 25     Int  9      God: Lugonu [****..]
Gold 2020        SH 21     Dex 17      Spells:  1 memorised, 18 levels left

rFire  + . .     SeeInvis .     l - +11,+10 morningstar of Spring {pain, +Fly rC+}
rCold  + + +     Clarity  .     (armour unavailable)
rNeg   . . .     Conserve .     i - +3 dwarf buckler {rC+}
rPois  .         rCorr    .     z - +1 elf hat
rElec  .         rRot     .     O - +2 cloak {MR+}
SustAb . .       Spirit   +     R - +1 pair of gloves
rMut   .         Warding  .     F - +2 pair of boots
Saprov . . .     Stasis   .     B - amulet of guardian spirit
MR     +++..                    H - +3 ring of dexterity
                                q - ring of the Good {rC+ MR}

@: hasted and slowed, extremely resistant to hostile enchantments, unstealthy
A: breathe fire, unfitting armour, blurry vision 1, clumsy 1, deterioration 1,
fire resistance 1, AC +10
a: Breathe Fire, Depart the Abyss, Bend Space, Banish, Corrupt, Renounce
Religion, Evoke Flight


You were on level 4 of the Depths.
You worshipped Lugonu.
Lugonu was greatly pleased with you.
You were not hungry.

You visited 7 branches of the dungeon, and saw 43 of its levels.
You visited the Abyss 3 times.
You also visited: Sewer, Ossuary, Bailey and Ice Cave.

You collected 4703 gold pieces.
You spent 2683 gold pieces at shops.


Innate Abilities, Weirdness & Mutations

You can breathe blasts of fire.
Your fiery red scales are hard (AC +10).
Your body does not fit into most forms of armour.
Your cold-blooded metabolism reacts poorly to cold.
Your flesh is heat resistant.
Your vision is a little blurry.
You are clumsy. (Dex -2)
Your body is slowly deteriorating.


   Skills:
 - Level 22.1 Fighting
 - Level 15.3 Maces & Flails
 - Level 17.0 Dodging
 - Level 16.0 Shields
 - Level 10.3 Necromancy
 + Level 5.5 Invocations
 - Level 10.1 Evocations


You had 18 spell levels left.
You knew the following spells:

 Your Spells              Type           Power        Failure   Level  Hunger
y - Animate Skeleton      Necr           N/A          1%          1    ##.....

Inventory:

Hand weapons
 l - the +11,+10 morningstar of Spring (weapon) {pain, +Fly rC+}
   (You bought it in a shop on level 3 of the Elven Halls)

   In the hands of one skilled in necromantic magic, it inflicts extra damage on
   living creatures.
   It protects you from cold.
   It lets you fly.
Armour
 i - a +3 dwarven buckler of cold resistance (worn)
 z - a +1 elven hat (worn)
 F - a +2 pair of boots (worn)
 O - a +2 cloak of magic resistance (worn)
 R - a +1 pair of gloves (worn)
Magical devices
 a - a wand of heal wounds (9)
 e - a wand of disintegration (2)
 p - a wand of digging (10)
 w - a wand of lightning (6)
 S - a wand of disintegration (5)
Comestibles
 f - 27 strawberries
 h - a slice of pizza
 k - 12 pears
 o - 6 apples
 s - 3 chokos
 K - 16 grapes
Scrolls
 c - 4 scrolls of remove curse
 d - a scroll of silence
 A - 2 scrolls of enchant weapon III
 L - a scroll of identify
 X - a scroll of holy word
Jewellery
 j - an uncursed ring of protection from fire
 q - the ring of the Good (left hand) {rC+ MR}
   (You found it on level 2 of the Swamp)

   [ring of protection from magic]

   It protects you from cold.
 u - an uncursed ring of protection from magic
 B - an amulet of guardian spirit (around neck)
 H - a +3 ring of dexterity (right hand)
 P - a +4 ring of strength
 Q - an uncursed amulet of resist mutation
 W - an uncursed ring of protection from cold
Potions
 b - a potion of restore abilities
 g - 2 potions of curing
 m - 3 potions of agility
 r - a potion of might
 v - a potion of heal wounds
 C - a potion of resistance
 D - a potion of flight
 E - a potion of speed
Miscellaneous
 y - a phial of floods
 G - a lamp of fire
 N - a sack of spiders
 U - a lamp of fire (inert)

······ ▒·····
▒···· ▒···▒
··· ▒▒···▒▒·▒
·······▒
▒···▒▒·▒ ▒
▒UT·▒▒·▒ ▒
▒dCU▒▒·▒ ▒·▒▒
▒·▒▒▒▒OC·▒▒·▒
▒···
▒·······(▒▒·▒
▒···
▒▒······))··▒
▒·≈·
▒▒▒▒▒▒▒▒▒▒·▒
▒·#· ▒·▒ ▒≈·
▒·▒ ▒≈·
▒)▒▒▒▒▒▒▒▒▒≈·
▒))·········≈


You could see 2 stone giants, a grizzly bear (berserk), a troll (berserk), a
black bear (berserk) and an ogre (berserk).


Message History

You block the troll's attack.
The ogre hits you with a giant spiked club!
The grizzly bear bites you!
* * * LOW HITPOINT WARNING * * *
The grizzly bear closely misses you. The grizzly bear completely misses you.
You block the stone giant's attack. The stone giant completely misses you.
The troll bites you.
* * * LOW HITPOINT WARNING * * *
The troll completely misses you. The stone giant closely misses you.
The grizzly bear misses you. The grizzly bear completely misses you.
The grizzly bear barely misses you.
Read which item? (? for menu, Esc to quit)
Okay, then.
Drink which item? (? for menu, Esc to quit)
You feel yourself speed up. The ogre misses you. The troll bites you!
* * * LOW HITPOINT WARNING * * *
The troll claws you but does no damage. You block the troll's attack.
The stone giant completely misses you. The grizzly bear misses you.
The grizzly bear barely misses you.
The grizzly bear claws you but does no damage.
The stone giant hits you!
* * * LOW HITPOINT WARNING * * *
The ogre completely misses you. The troll bites you!
* * * LOW HITPOINT WARNING * * *
You block the troll's attack.
The stone giant hits you but does no damage.
The grizzly bear closely misses you. You block the grizzly bear's attack.
The grizzly bear claws you but does no damage.
The stone giant hits you!
You die...

Action                   |  1- 3 |  4- 6 |  7- 9 | 10-12 | 13-15 | 16-18 | 19-21 || total
-------------------------+-------+-------+-------+-------+-------+-------+-------++-------
Melee: Mace              |    88 |     8 |       |       |       |       |       ||    96
       Flail             |       |   115 |   158 |       |       |       |       ||   273
       Dire flail        |       |       |   111 |       |       |       |       ||   111
       Morningstar       |       |       |   333 |  1010 |  1876 |  1497 |  1071 ||  5787
Invok: Berserk           |     1 |     3 |    11 |    16 |    24 |    18 |     6 ||    79
       Trog's Hand       |       |     1 |     1 |     5 |     5 |    23 |     9 ||    44
       Burn Spellbooks   |       |       |     1 |     4 |     2 |     2 |     5 ||    14
       Brothers in Arms  |       |       |     1 |    10 |     4 |    10 |     5 ||    30
       Depart the Abyss  |       |       |       |       |       |       |     1 ||     1
 Abil: Breathe Fire      |       |       |    15 |    14 |    17 |     7 |     4 ||    57
       Evoke Flight      |       |       |       |       |       |     6 |    18 ||    24
       Stop Flying       |       |       |       |       |       |     5 |     3 ||     8
Evoke: Wand              |       |     3 |     7 |     8 |    20 |     7 |    10 ||    55
       Sack of spiders   |       |       |       |     1 |       |       |     1 ||     2
       Lamp of fire      |       |       |       |       |     2 |     1 |     5 ||     8
       Phial of floods   |       |       |       |       |       |       |     2 ||     2
  Use: Scroll            |     9 |       |    24 |    13 |    26 |    14 |    13 ||    99
       Potion            |       |       |       |     3 |     4 |    13 |    27 ||    47
 Stab: Distracted        |       |       |       |     2 |     1 |     1 |       ||     4
       Sleeping          |       |       |       |     1 |       |     1 |       ||     2
       Fleeing           |       |       |       |       |     2 |       |       ||     2
       Confused          |       |       |       |       |       |       |     1 ||     1

Vault maps used:
D:1:      scummos_arrival_simple_fountains
D:3:      roderic_nine_men_s_morris, bloody_trog
D:4:      yredelemnul_forgotten_temple_becter, gup_sewer_entry_glass,
          uniq_edmund
D:5:      lemuel_round_altar, basic_altar, first_bread
D:6:      serial_shops, shop
D:7:      serial_column_ruins, column_ruins_grid_1, column_ruins_grid_2,
          column_ruins_grid_1, enter_ossuary_3, uniq_blork_the_orc
D:8:      overflow_temple_1_default, serial_shops, shop
D:9:      overflow_temple_1_default, grunt_lair_entry_elf_guard_hut,
          hangedman_pestilent_swarm
D:11:     lemuel_bear_cage, serial_shops, shop, basic_altar, uniq_harold
D:12:     orc_0_dummy, enter_bailey_2, kennysheep_dice
D:13:     lemuel_nasty_fountain, uniq_nergalle
D:14:     david_vaults_5, minmay_statue_bubble, uniq_frances, uniq_fannar
D:15:     basic_altar
D:16:     grunt_enter_depths_giant_problem, minmay_misc_feat_plants
Orc:3:    nicolae_orc_pool_cavern, hangedman_minor_magic, uniq_grum
Orc:4:    basic_altar, grunt_orc_community_town_hall,
          grunt_orc_community_big_house_1, grunt_orc_community_big_house_1,
          grunt_orc_community_house_3, grunt_orc_community_house_3,
          grunt_orc_community_house_1, grunt_orc_community_house_2
Elf:1:    minmay_elf_arrival_circle, nicolae_trove_entry_isolated,
          corexii_leaking_fountain
Elf:2:    serial_shops, shop_fountains, nicolae_shop_trees,
          nicolae_shop_crystal, nicolae_shop_stone
Elf:3:    grunt_elf_hall_spiral, serial_shops, shop, minivault_14,
          minmay_elf_demonology
Lair:1:   serial_bayou_shore_b
Lair:2:   basic_altar, special_room, wad_woods_04, zaba_anthole
Lair:4:   minmay_snake_entry_six_corridors, serial_bayou_lake_a, uniq_erica
Lair:6:   minmay_swamp_entry_reptiles, basic_altar, serial_bayou_shore_a
Lair:7:   portal_ice_cave_entry_pillars_03, wad_woods_river_04, minivault_26
Lair:8:   guppyfry_lair_end_dragon, nicolae_slime_entry_corroded_items,
          uniq_snorg
Swamp:1:  infiniplex_staircase_pool_2
Swamp:2:  swamp_pool1, uniq_wiglaf
Swamp:3:  uniq_aizul, uniq_roxanne, uniq_louise, uniq_kirke
Snake:1:  lemuel_fruit_tree
Snake:2:  serial_shops, shop
Snake:3:  uniq_mara
Abyss:1:  small_statue_intersection
Sewer:    sewer_minmay_w
Ossuary:  ossuary_tomb_2
Bailey:   bailey_polearm_2, bailey
IceCv:    ice_cave_small_necro
Depths:1: minmay_misc_feat_rows, grunt_mini_vestibule, abyss_entry,
          kennysheep_minor_cross, xom_teletrap_fun, grunt_megastairs_3,
          firewood_loft
Depths:2: evilmike_horseshoe, grunt_hell_entry_dis_grunt,
          abyss_entry_small_statue_room
Depths:3: grunt_deathspiral_large, hangedman_coc_ice_floe,
          grunt_pan_entry_in_and_out, hangedman_decor_slide_cut, uniq_sojobo,
          uniq_boris, uniq_nikola
Depths:4: minmay_open_boxes_in_corner, abyss_entry, grunt_hell_entry_dis_old,
          minmay_crystal_water, infiniplex_staircase_river, uniq_saint_roka,
          uniq_jorgrun, uniq_margery, uniq_xtahua

Notes
Turn   | Place    | Note
--------------------------------------------------------------
     0 | D:1      | MackTheKnife, the Draconian Berserker, began the quest for the Orb.
     0 | D:1      | Reached XP level 1. HP: 19/19 MP: 1/1
   418 | D:2      | Reached XP level 2. HP: 20/26 MP: 2/2
   657 | D:2      | Acquired Trog's second power
   914 | D:2      | Reached skill level 4 in Maces & Flails
   915 | D:2      | Reached XP level 3. HP: 22/31 MP: 3/3
  1496 | D:3      | Reached XP level 4. HP: 38/38 MP: 4/4
  1500 | D:3      | Reached skill level 5 in Maces & Flails
  1625 | D:3      | Found a bloodstained altar of Trog.
  1626 | D:3      | Noticed a giant frog
  1633 | D:3      | Killed a giant frog
  1633 | D:3      | Reached skill level 6 in Maces & Flails
  1633 | D:3      | Reached XP level 5. HP: 45/45 MP: 5/5
  2029 | D:3      | Reached XP level 6. HP: 32/51 MP: 6/6
  2058 | D:3      | HP: 1/51 [orc priest/divine providence (10)]
  2138 | D:3      | Reached skill level 7 in Maces & Flails
  2717 | D:4      | Reached skill level 8 in Maces & Flails
  2717 | D:4      | Your scales start taking on a fiery red colour.
  2717 | D:4      | Gained mutation: Your flesh is heat resistant. [draconian maturity]
  2717 | D:4      | Reached XP level 7. HP: 57/57 MP: 7/7
  2777 | D:4      | Found a glowing drain.
  2879 | Sewer    | Entered a sewer
  3036 | Sewer    | Acquired Trog's third power
  3155 | Sewer    | Reached skill level 3 in Dodging
  3376 | Sewer    | Reached skill level 1 in Shields
  3508 | Sewer    | Reached skill level 2 in Shields
  3514 | Sewer    | Reached skill level 4 in Dodging
  3647 | D:4      | Noticed Edmund
  3655 | D:4      | Killed Edmund
  3655 | D:4      | Reached skill level 3 in Shields
  3785 | D:4      | Found a basalt altar of Yredelemnul.
  3853 | D:4      | Reached XP level 8. HP: 48/63 MP: 8/8
  4101 | D:5      | Entered Level 5 of the Dungeon
  4156 | D:5      | Found a deep blue altar of Sif Muna.
  4262 | D:5      | Found a blossoming altar of Fedhas.
  4329 | D:5      | Reached skill level 5 in Dodging
  4705 | D:6      | Found Kloyc's Magical Wand Shoppe.
  4807 | D:6      | Reached skill level 9 in Maces & Flails
  5146 | D:6      | Reached skill level 4 in Shields
  5504 | D:6      | Reached XP level 9. HP: 70/70 MP: 9/9
  5625 | D:6      | Reached skill level 5 in Shields
  5972 | D:7      | Reached skill level 10 in Maces & Flails
  6010 | D:7      | Reached skill level 4 in Fighting
  6083 | D:7      | Noticed Blork the orc
  6089 | D:7      | Killed Blork the orc
  6109 | D:7      | Noticed ThorGoll's ghost (experienced HOFE)
  6121 | D:7      | Killed ThorGoll's ghost
  6149 | D:7      | Found a staircase to the Ecumenical Temple.
  6203 | D:7      | Found a sand-covered staircase.
  6257 | Ossuary  | Entered an ossuary
  6280 | Ossuary  | Reached skill level 5 in Fighting
  6571 | D:8      | Found Grealasm's Armour Shoppe.
  6581 | D:8      | Bought a +2 cloak of magic resistance for 313 gold pieces
  6694 | D:8      | Reached skill level 6 in Fighting
  7016 | D:8      | Found an iron altar of Okawaru.
  7299 | D:9      | Reached skill level 11 in Maces & Flails
  7349 | D:9      | Received a gift from Trog
  7522 | D:9      | Reached skill level 7 in Fighting
  7591 | D:9      | Reached XP level 10. HP: 86/86 MP: 10/10
  8022 | D:9      | Found a sparkling altar of Nemelex Xobeh.
  8078 | D:9      | Found a staircase to the Lair.
  8401 | Lair:1   | Entered Level 1 of the Lair of Beasts
  8401 | Lair:1   | Noticed deb's ghost (powerful DDFi)
  8419 | Lair:1   | Killed deb's ghost
  8419 | Lair:1   | Reached skill level 8 in Fighting
  8691 | Lair:1   | Noticed CrazyArbalest's ghost (experienced DsHu)
  8711 | Lair:1   | Killed CrazyArbalest's ghost
  8711 | Lair:1   | Reached skill level 12 in Maces & Flails
  8861 | Lair:1   | Reached skill level 9 in Fighting
  9169 | Lair:1   | Reached skill level 6 in Dodging
  9281 | Lair:2   | Found a blossoming altar of Fedhas.
  9487 | Lair:2   | Received a gift from Trog
 10031 | Lair:2   | Reached XP level 11. HP: 52/97 MP: 11/11
 10276 | Lair:2   | Reached skill level 7 in Dodging
 10628 | Lair:2   | Reached skill level 13 in Maces & Flails
 10840 | Lair:2   | Received a gift from Trog
 11108 | Lair:3   | Reached skill level 8 in Dodging
 11394 | Lair:3   | Noticed a six-headed hydra
 11401 | Lair:3   | Killed a six-headed hydra
 11605 | Lair:4   | Noticed Erica
 11614 | Lair:4   | Killed Erica
 11619 | Lair:4   | Reached skill level 9 in Dodging
 11797 | Lair:4   | Found a staircase to the Snake Pit.
 11883 | Lair:4   | Reached skill level 10 in Dodging
 12372 | Lair:4   | Received a gift from Trog
 12375 | Lair:4   | Got a steaming longbow {god gift}
 12620 | Lair:4   | Reached XP level 12. HP: 72/104 MP: 12/12
 12621 | Lair:4   | Reached skill level 11 in Dodging
 14508 | Lair:6   | Found a blossoming altar of Fedhas.
 14586 | Lair:6   | Noticed an eight-headed hydra
 14592 | Lair:6   | Killed a ten-headed hydra
 14592 | Lair:6   | Reached skill level 12 in Dodging
 14602 | Lair:6   | Found a staircase to the Swamp.
 14638 | Lair:6   | Gained mutation: You have a pair of small horns on your head. [potion of beneficial mutation]
 14907 | Lair:6   | Received a gift from Trog
 14912 | Lair:6   | Identified the +0,+3 longbow "Cosudiad" {speed, rElec} (Trog gifted it to you on level 4 of the Lair of Beasts)
 15044 | Lair:7   | Noticed a four-headed hydra
 15051 | Lair:7   | Killed a four-headed hydra
 15078 | Lair:7   | Found a frozen archway.
 15104 | IceCv    | Entered an ice cave
 15440 | IceCv    | Reached skill level 13 in Dodging
 15874 | IceCv    | Found an ancient bone altar of Kikubaaqudgha.
 15894 | IceCv    | Reached skill level 10 in Fighting
 16566 | Lair:7   | Killed a ravenous escape hatch mimic
 16638 | Lair:7   | Noticed Econoterrorist's ghost (powerful SpEn)
 16739 | Lair:7   | Killed Econoterrorist's ghost
 16739 | Lair:7   | Reached skill level 11 in Fighting
 16906 | Lair:7   | Reached XP level 13. HP: 116/116 MP: 13/13
 17261 | Lair:8   | Entered Level 8 of the Lair of Beasts
 17621 | Lair:8   | Noticed an acid blob
 17652 | Lair:8   | Noticed Snorg
 17719 | Lair:8   | Reached skill level 12 in Fighting
 17815 | Lair:8   | Found a staircase to the Slime Pits.
 18265 | Lair:8   | Reached skill level 13 in Fighting
 18543 | Lair:8   | Killed Snorg
 18839 | D:10     | Entered Level 10 of the Dungeon
 18874 | D:10     | Noticed BlessedChild's ghost (powerful OpWz)
 18898 | D:10     | Killed BlessedChild's ghost
 18898 | D:10     | Reached skill level 14 in Fighting
 19432 | D:10     | Received a gift from Trog
 19798 | D:11     | Found an ancient bone altar of Kikubaaqudgha.
 19934 | D:11     | Reached skill level 15 in Fighting
 20033 | D:11     | Found Plog's Magic Scroll Boutique.
 20387 | D:11     | Noticed Harold
 20402 | D:11     | Killed Harold
 20571 | D:11     | Reached XP level 14. HP: 103/135 MP: 11/14
 20834 | D:12     | Found a staircase to the Orcish Mines.
 20840 | D:12     | Found a flagged portal.
 20867 | Bailey   | Entered a bailey
 20907 | Bailey   | Reached skill level 14 in Maces & Flails
 21479 | D:12     | Reached skill level 6 in Shields
 21518 | D:12     | Reached skill level 7 in Shields
 21668 | D:12     | Paralysed by a giant eyeball for 3 turns
 21948 | Orc:1    | Entered Level 1 of the Orcish Mines
 22011 | Orc:1    | Received a gift from Trog
 22025 | Orc:1    | Reached skill level 8 in Shields
 22430 | Orc:2    | Received a gift from Trog
 22898 | Orc:3    | Reached skill level 9 in Shields
 23092 | Orc:3    | Found a staircase to the Elven Halls.
 23094 | Orc:3    | Noticed Grum
 23107 | Orc:3    | Killed Grum
 23357 | Orc:3    | Got a crude hat
 23360 | Orc:3    | Identified the cursed -6 hat "Noday" {Str+4 Dex+3 Int-4} (You found it on level 3 of the Orcish Mines)
 23405 | Orc:3    | Received a gift from Trog
 23858 | Orc:4    | Entered Level 4 of the Orcish Mines
 23878 | Orc:4    | Found a white marble altar of Elyvilon.
 23900 | Orc:4    | Reached skill level 10 in Shields
 24022 | Orc:4    | Found a roughly hewn altar of Beogh.
 24022 | Orc:4    | Found Twouvoqa's Book Boutique.
 24372 | Orc:4    | Received a gift from Trog
 24388 | Orc:4    | Noticed an orc warlord
 24407 | Orc:4    | Reached skill level 11 in Shields
 24442 | Orc:4    | Killed an orc warlord
 24546 | Orc:4    | Found Leing's Antique Weapon Shop.
 24546 | Orc:4    | Found a roughly hewn altar of Beogh.
 24557 | Orc:4    | Found Gioximei's Antique Armour Boutique.
 24692 | Orc:4    | Found a roughly hewn altar of Beogh.
 24692 | Orc:4    | Found Guantoni's Magic Scroll Boutique.
 24719 | Orc:4    | Bought a scroll of enchant weapon II for 99 gold pieces
 24719 | Orc:4    | Bought a scroll of noise for 18 gold pieces
 24911 | Orc:4    | Found a roughly hewn altar of Beogh.
 24964 | Orc:2    | Reached skill level 12 in Shields
 25015 | D:11     | Bought a scroll of enchant weapon II for 60 gold pieces
 25015 | D:11     | Bought a scroll of enchant weapon I for 60 gold pieces
 25309 | D:6      | Bought a wand of heal wounds (3) for 588 gold pieces
 25999 | D:13     | Reached skill level 13 in Shields
 26046 | D:13     | Noticed Nergalle
 26063 | D:13     | Killed Nergalle
 26063 | D:13     | Received a gift from Trog
 26552 | D:13     | Reached skill level 14 in Shields
 26627 | D:14     | Noticed 4tharraofdagon's ghost (experienced CeGl)
 26635 | D:14     | Killed 4tharraofdagon's ghost
 26976 | D:14     | Noticed Fannar
 26990 | D:14     | Killed Fannar
 27178 | D:14     | Noticed Frances
 27184 | D:14     | Killed Frances
 27193 | D:14     | Reached XP level 15. HP: 141/141 MP: 12/15
 27655 | D:15     | Entered Level 15 of the Dungeon
 27797 | D:15     | Received a gift from Trog
 27914 | D:15     | Found a shattered altar of Ashenzari.
 28485 | D:16     | Entered Level 16 of the Dungeon
 28508 | D:16     | Found a staircase to the Depths.
 28618 | D:16     | Reached skill level 15 in Maces & Flails
 28626 | D:16     | Reached skill level 16 in Fighting
 30058 | Lair:2   | Upgraded the game from 0.14-a0-2644-gcc8e764 to 0.14-a0-2679-gcb94c3d
 30534 | Depths:1 | Entered Level 1 of the Depths
 30537 | Depths:1 | Received a gift from Trog
 30584 | Depths:1 | Noticed anything's ghost (mighty HaHu)
 30653 | Depths:1 | Killed anything's ghost
 30884 | Depths:1 | Found a one-way gate to the infinite horrors of the Abyss.
 31039 | Depths:1 | Reached skill level 17 in Fighting
 31049 | Depths:1 | Received a gift from Trog
 31411 | Depths:1 | Reached XP level 16. HP: 155/155 MP: 16/16
 31482 | Depths:1 | Found a shimmering altar of Xom.
 31498 | Depths:1 | Reached skill level 14 in Dodging
 31519 | Depths:1 | Noticed an ancient champion
 31530 | Depths:1 | Killed an ancient champion
 31532 | Depths:1 | Found a gateway to Hell.
 32338 | Depths:1 | Reached skill level 15 in Dodging
 32486 | Depths:1 | Received a gift from Trog
 32495 | Depths:1 | HP: 7/232 [hell knight/glowing great mace (30)]
 32495 | Depths:1 | HP: 2/232 [hell knight/glowing great mace (5)]
 33713 | Depths:2 | Noticed a golden dragon
 33726 | Depths:2 | Killed a golden dragon
 33726 | Depths:2 | Reached skill level 16 in Dodging
 34185 | Depths:2 | Received a gift from Trog
 34620 | Depths:3 | Noticed Nikola
 34638 | Depths:3 | Killed Nikola
 34638 | Depths:3 | Reached XP level 17. HP: 161/161 MP: 14/17
 34836 | Depths:3 | Reached skill level 17 in Dodging
 35209 | Depths:3 | Noticed Boris
 35290 | Depths:3 | Found a one-way gate leading to the halls of Pandemonium.
 35485 | Depths:3 | Noticed a golden dragon
 35517 | Depths:3 | Reached skill level 18 in Fighting
 35537 | Depths:3 | Paralysed by a giant eyeball for 2 turns
 35555 | Depths:3 | Killed a golden dragon
 35605 | Depths:3 | Received a gift from Trog
 35975 | Depths:3 | Reached skill level 19 in Fighting
 36711 | Depths:4 | Reached skill level 20 in Fighting
 37232 | Depths:4 | Reached XP level 18. HP: 178/178 MP: 15/18
 37472 | Depths:4 | Noticed Margery
 37477 | Depths:4 | Noticed Xtahua
 37993 | Snake:1  | Entered Level 1 of the Snake Pit
 38184 | Snake:1  | Got a crude mace
 38230 | Snake:1  | Received a gift from Trog
 38664 | Snake:2  | Found Lotam's Food Shop.
 39416 | Snake:3  | Noticed Mara
 39418 | Snake:3  | Noticed MackTheKnife's illusion
 39426 | Snake:3  | Killed Mara
 39426 | Snake:3  | Reached skill level 21 in Fighting
 39683 | Snake:3  | Received a gift from Trog
 40065 | Snake:3  | Reached skill level 1 in Evocations
 40078 | Snake:3  | Reached skill level 2 in Evocations
 40694 | Snake:4  | Reached skill level 3 in Evocations
 40774 | Snake:4  | Reached skill level 4 in Evocations
 41184 | Snake:4  | Reached skill level 5 in Evocations
 41822 | Lair:2   | Identified the +3,+0 mace "Mumibbeo" {freeze, rPois} (You found it on level 1 of the Snake Pit)
 42012 | Elf:1    | Entered Level 1 of the Elven Halls
 42021 | Elf:1    | Received a gift from Trog
 42089 | Elf:1    | Reached skill level 6 in Evocations
 42176 | Elf:1    | Found a portal to a secret trove of treasure.
 42405 | Elf:1    | Reached skill level 7 in Evocations
 42875 | Elf:2    | Found Pron's Gadget Shoppe.
 42910 | Elf:2    | Bought a phial of floods for 1200 gold pieces
 43019 | Elf:2    | Reached skill level 8 in Evocations
 43031 | Elf:2    | Found Okiost's General Store.
 43040 | Elf:2    | Bought 2 potions of heal wounds for 84 gold pieces
 43123 | Elf:2    | Found Samu's Antique Armour Emporium.
 43165 | Elf:2    | Found Saunt's Book Shop.
 43316 | Elf:3    | Entered Level 3 of the Elven Halls
 43325 | Elf:3    | Received a gift from Trog
 43456 | Elf:3    | Reached skill level 9 in Evocations
 43745 | Elf:3    | Found Dyinec's Antique Weapon Emporium.
 43781 | Elf:3    | Bought an ancient morningstar for 261 gold pieces
 43782 | Elf:3    | Identified the +11,+10 morningstar of Spring {pain, +Fly rC+} (You bought it in a shop on level 3 of the Elven Halls)
 44110 | Elf:3    | Cast into the Abyss (deep elf demonologist)
 44110 | Abyss:1  | Found a corrupted altar of Lugonu.
 44132 | Abyss:1  | Found a corrupted altar of Lugonu.
 44232 | Abyss:1  | Noticed a bone dragon
 44249 | Abyss:1  | Killed a bone dragon
 44249 | Abyss:1  | Reached skill level 10 in Evocations
 44353 | Abyss:1  | Gained mutation: Your vision is a little blurry. [a neqoxec]
 44384 | Abyss:1  | Noticed a profane servitor
 44396 | Abyss:1  | Killed a profane servitor
 44582 | Abyss:1  | Found a corrupted altar of Lugonu.
 44608 | Abyss:1  | Reached XP level 19. HP: 152/189 MP: 31/31
 44660 | Abyss:1  | Reached skill level 15 in Shields
 44683 | Abyss:1  | Received a gift from Trog
 44689 | Abyss:1  | Gained mutation: Your body is slowly deteriorating. [a neqoxec]
 44799 | Abyss:2  | Lost mutation: Your body is slowly deteriorating. [potion of cure mutation]
 44799 | Abyss:2  | Lost mutation: Your vision is a little blurry. [potion of cure mutation]
 44799 | Abyss:2  | Lost mutation: You have a pair of small horns on your head. [potion of cure mutation]
 44983 | Elf:3    | Escaped the Abyss
 45236 | Elf:3    | Got a twitching bone ring
 45510 | Elf:3    | Reached skill level 16 in Shields
 45761 | Elf:3    | Identified the ring "Sis Adda" {+/*Tele rF+ rC+ rN+ Dex+3} (You took it off a deep elf summoner on level 3 of the Elven Halls)
 45771 | Elf:3    | Cast into the Abyss (deep elf demonologist)
 45916 | Abyss:1  | Gained mutation: Your vision is a little blurry. [a neqoxec]
 45921 | Abyss:1  | Gained mutation: Your body is slowly deteriorating. [a neqoxec]
 45923 | Abyss:1  | Gained mutation: You are clumsy. (Dex -2) [a neqoxec]
 45998 | Abyss:2  | Found a corrupted altar of Lugonu.
 46046 | Abyss:2  | Found a corrupted altar of Lugonu.
 46054 | Abyss:2  | Fell from the grace of Trog
 46054 | Abyss:2  | Became a worshipper of Lugonu the Unformed
 46054 | Abyss:2  | Acquired Lugonu's first power
 46055 | Elf:3    | Escaped the Abyss
 46059 | Elf:3    | Identified a +1 rod of warding (12/12) (You took it off a deep elf summoner on level 3 of the Elven Halls)
 46147 | Elf:3    | Cast into the Abyss (deep elf sorcerer)
 46214 | Elf:3    | Escaped the Abyss
 46518 | Elf:3    | Reached skill level 22 in Fighting
 47155 | Lair:2   | Learned a level 1 spell: Animate Skeleton
 47298 | Swamp:1  | Entered Level 1 of the Swamp
 47330 | Swamp:1  | Reached skill level 1 in Necromancy
 47397 | Swamp:1  | Reached skill level 2 in Necromancy
 47712 | Swamp:2  | Acquired Lugonu's second power
 47727 | Swamp:2  | Reached skill level 3 in Necromancy
 47803 | Swamp:2  | Got a brightly glowing turquoise ring
 47810 | Swamp:2  | Identified the ring of the Good {rC+ MR} (You found it on level 2 of the Swamp)
 47970 | Swamp:2  | Reached skill level 4 in Necromancy
 48236 | Swamp:2  | Noticed Wiglaf
 48262 | Swamp:2  | Killed Wiglaf
 48635 | Swamp:3  | Reached skill level 5 in Necromancy
 48657 | Swamp:3  | Noticed Roxanne
 49244 | Swamp:3  | Noticed Aizul
 49253 | Swamp:3  | Killed Aizul
 49253 | Swamp:3  | Reached skill level 6 in Necromancy
 49448 | Swamp:3  | Noticed Louise
 49454 | Swamp:3  | Killed Louise
 49465 | Swamp:3  | Acquired Lugonu's third power
 49832 | Swamp:4  | Reached skill level 7 in Necromancy
 50347 | Swamp:4  | Reached skill level 8 in Necromancy
 50347 | Swamp:4  | Reached XP level 20. HP: 82/200 MP: 16/32
 51719 | Depths:4 | Killed Xtahua
 51877 | Depths:4 | Reached skill level 9 in Necromancy
 52175 | Depths:4 | Noticed Jorgrun
 52196 | Depths:4 | Killed Jorgrun
 52342 | Depths:4 | Acquired Lugonu's fourth power
 52357 | Depths:4 | Noticed Saint Roka
 52614 | Depths:4 | Killed Saint Roka
 52614 | Depths:4 | Reached skill level 10 in Necromancy
 52718 | Depths:4 | HP: 14/197 [deep troll[the rage of Trog] (10)]
 52720 | Depths:4 | HP: 5/197 [deep troll[the rage of Trog] (10)]
 53181 | Depths:4 | Reached skill level 1 in Invocations
 53203 | Depths:4 | Killed Margery
 53203 | Depths:4 | Reached skill level 3 in Invocations
 53275 | Depths:4 | Reached skill level 4 in Invocations
 53315 | Depths:4 | Noticed a golden dragon
 53323 | Depths:4 | Killed a golden dragon
 53323 | Depths:4 | Reached skill level 5 in Invocations
 53338 | Depths:4 | Mangled by a stone giant

Vanquished Creatures
  Saint Roka (Depths:4)
  Margery (Depths:4)
  Mara (Snake:3)
  3 golden dragons
  Xtahua (Depths:4)
  Nikola (Depths:3)
  A bone dragon (Abyss:1)
  A profane servitor (Abyss:1)
  A Hell Sentinel (Elf:3)
  A deep elf master archer (Elf:3)
  A deep elf blademaster (Elf:3)
  An ancient champion (Depths:1)
  4 thorn hunters
  A sphinx (Depths:3)
  Frances (D:14)
  2 tengu reavers
  The ghost of anything the Unseen, a mighty HaHu of Trog (Depths:1)
  4 deep elf sorcerers (Elf:3)
  Wiglaf (Swamp:2)
  4 frost giants
  An orc warlord (Orc:4)
  Aizul (Swamp:3)
  Louise (Swamp:3)
  3 fire giants
  2 balrugs (Abyss:1)
  An angel (Abyss:1)
  Jorgrun (Depths:4)
  6 stone giants (Depths:4)
  A spriggan defender (Depths:2)
  11 deep elf demonologists
  A vampire knight (Depths:3)
  5 deep elf annihilators (Elf:3)
  A spriggan air mage (Depths:2)
  Snorg (Lair:8)
  4 deep elf death magi (Elf:3)
  The ghost of Econoterrorist the Unseen, a powerful SpEn of Kikubaaqudgha (Lair:7)
  The ghost of BlessedChild the Thaumaturge, a powerful OpWz of Vehumet (D:10)
  4 ettins
  6 yaktaur captains
  The ghost of deb the Cleaver, a powerful DDFi of the Shining One (Lair:1)
  4 fire dragons
  Fannar (D:14)
  The ghost of 4tharraofdagon the Cruncher, an experienced CeGl of the Shining One (D:14)
  20 hydras
  A great orb of eyes (Depths:1)
  Harold (D:11)
  A shambling mangrove (Swamp:3)
  8 naga warriors
  2 ravenous feature mimics
  5 ice dragons
  2 ravenous item mimics
  Erica (Lair:4)
  An anaconda (shapeshifter) (Depths:4)
  6 alligators
  9 ogre magi
  3 deep troll earth magi (Depths:3)
  2 spriggan berserkers
  2 deep troll shamans (Depths:3)
  5 anacondas
  A rakshasa (Depths:4)
  2 orc high priests
  7 tengu warriors
  A titan zombie (Depths:3)
  2 naga sharpshooters
  A sun demon (Abyss:1)
  11 centaur warriors
  15 very ugly things
  Nergalle (D:13)
  9 hell knights
  7 skeletal warriors
  4 deep elf knights
  A giant orange brain (Abyss:2)
  2 iron trolls
  3 swamp dragons
  2 spatial maelstroms (Abyss:1)
  4 starcursed masses
  An anaconda zombie (Abyss:1)
  The ghost of CrazyArbalest the Bolt Thrower, an experienced DsHu of Okawaru (Lair:1)
  2 large abominations (Abyss:2)
  A naga ritualist (Snake:4)
  An orb spider (shapeshifter) (Depths:4)
  A swamp dragon (shapeshifter) (Depths:3)
  A flayed ghost (Depths:2)
  6 unseen horrors
  An ice statue (IceCv)
  15 deep elf summoners
  3 deep trolls
  A hill giant (shapeshifter) (Depths:2)
  A golden dragon skeleton (Depths:4)
  2 necromancers
  17 hill giants
  3 orc knights
  A lindwurm (shapeshifter) (Depths:1)
  2 mana vipers
  7 deep elf conjurers
  A frost giant zombie (Depths:3)
  2 hellions
  3 cyclopes
  2 phantasmal warriors (Depths:3)
  A cyclops (shapeshifter) (Depths:2)
  A manticore (D:15)
  2 stone giant zombies
  A griffon (Lair:8)
  3 sixfirhies
  An octopode (Abyss:1)
  2 red wasps (shapeshifter)
  2 salamander mystics
  A sphinx skeleton (Depths:4)
  2 orc sorcerers (Orc:3)
  A spiny worm (shapeshifter) (Depths:4)
  An iron dragon skeleton (Depths:4)
  19 salamanders
  11 spiny frogs
  2 guardian serpents
  18 black mambas
  10 naga magi
  4 smoke demons (Abyss:1)
  27 yaktaurs
  2 item mimics
  2 fire drakes (Lair:8)
  26 two-headed ogres
  An efreet (Abyss:1)
  2 red devils
  12 komodo dragons
  9 trolls
  7 freezing wraiths (IceCv)
  2 giant fireflies
  4 raiju (Abyss:1)
  A jumping spider (Elf:1)
  A queen bee (Lair:2)
  3 deep elf priests
  4 ancient zymes (Abyss:1)
  2 tengu conjurers
  3 hellwings
  3 iron devils
  A blue devil (Abyss:1)
  5 polar bears
  11 baby alligators
  A hell beast (Depths:1)
  7 spriggans
  15 slime creatures
  A baby alligator (shapeshifter) (Depths:4)
  A giant leech (Swamp:2)
  4 bog bodies
  2 thorn lotuses
  An ettin zombie (Depths:4)
  12 grizzly bears
  19 ravens
  5 blink frogs (D:12)
  A grizzly bear (shapeshifter) (Depths:1)
  A blink frog (shapeshifter) (D:15)
  A basilisk (D:15)
  A trapdoor spider (D:14)
  2 wyverns (D:15)
  7 redbacks
  32 yaks
  4 shadows
  A ynoxinul (Abyss:1)
  4 water elementals (Depths:4)
  52 ugly things
  A hill giant zombie (D:10)
  A hog (shapeshifter) (Depths:1)
  2 wraiths
  2 hogs (D:11)
  6 sharks
  21 deep elf magi
  3 hungry ghosts
  Grum (Orc:3)
  2 fire bats (Abyss:1)
  2 chaos spawn (Abyss:1)
  7 hippogriffs
  A steam dragon (Lair:8)
  22 deep elf fighters
  A soldier ant (D:9)
  5 spatial vortices (Abyss:1)
  17 vampire mosquitoes
  6 golden eyes (Abyss:1)
  A hill giant skeleton (D:14)
  4 neqoxecs (Abyss:1)
  2 necrophages (D:10)
  Edmund (D:4)
  3 wolves (Orc:3)
  14 swamp worms
  6 mottled dragons
  2 human zombies
  28 nagas
  44 orc warriors
  11 swamp drakes
  4 sky beasts
  4 small abominations
  5 yellow wasps
  12 ice beasts
  12 porcupines
  6 black bears
  An ettin simulacrum (Depths:1)
  31 centaurs
  6 phantoms
  50 ogres
  A boring beetle (shapeshifter) (Depths:1)
  5 giant goldfish
  A boring beetle (Lair:8)
  5 wargs
  2 spriggan simulacra (IceCv)
  A brain worm (D:9)
  17 giant frogs
  A rotting devil (Elf:3)
  17 water moccasins
  19 crocodiles
  A fire crab zombie (D:16)
  7 giant slugs
  Blork the orc (D:7)
  A big kobold (D:15)
  A gnoll sergeant (D:10)
  7 agate snails
  4 insubstantial wisps (Swamp:3)
  8 jellyfish
  34 killer bees
  7 electric eels
  An elephant simulacrum (IceCv)
  2 hippogriff skeletons
  A quasit (D:12)
  19 wights
  12 crimson imps
  3 draconian simulacra (IceCv)
  4 goliath beetles
  A giant frog zombie (D:7)
  9 iron imps
  5 jellies
  26 orc priests
  7 big fish
  4 water moccasin zombies (Ossuary)
  11 hounds
  41 orc wizards
  4 orange rats
  6 worker ants
  12 iguanas
  21 sheep
  2 big kobold zombies (Ossuary)
  A hound zombie (D:9)
  22 boggarts
  3 mummies
  2 worker ant zombies
  3 naga simulacra (IceCv)
  An ogre simulacrum (IceCv)
  A worm zombie (D:7)
  33 adders
  7 giant centipedes
  18 green rats
  11 white imps
  11 gnolls
  5 worms
  A giant mite (Lair:5)
  A shadow imp (Orc:3)
  7 ufetubi
  3 adder zombies (Ossuary)
  17 grey rats (Sewer)
  An orc skeleton (D:5)
  4 giant eyeballs
  2 giant geckos (D:3)
  168 orcs
  12 ball pythons
  A bat skeleton (D:6)
  A bat zombie (D:6)
  2 giant cockroaches (D:4)
  19 goblins
  11 hobgoblins
  24 jackals
  21 kobolds
  2 oozes
  12 quokkas
  21 bats
  7 giant newts
  A giant spore (D:16)
  3 hobgoblin zombies
  3 illusory rakshasas (Depths:4)
  A jackal zombie (D:7)
  A kobold skeleton (D:7)
  6 kobold zombies (Ossuary)
  7 orc zombies
  36 rats
  A spectral orc (D:4)
  6 ballistomycetes
  2 briar patches (Swamp:3)
  5 plants
1897 creatures vanquished.

Vanquished Creatures (collateral kills)
  A deep elf master archer (Elf:3)
  A fire dragon (Lair:8)
  A deep elf high priest (Elf:3)
  An ogre mage (Depths:2)
  2 hydras
  A spriggan berserker (Depths:3)
  A spectral elf (Elf:3)
  5 skeletal warriors
  3 slime creatures
  A manticore (D:16)
  A necromancer (IceCv)
  The ghost of ThorGoll the Firebug, an experienced HOFE (D:7)
  A water elemental (Depths:4)
  A smoke demon (Abyss:1)
  A tormentor (Abyss:1)
  A spiny frog (Lair:6)
  A yaktaur (Depths:2)
  An ancient zyme (Abyss:1)
  3 freezing wraiths (IceCv)
  A raiju (Abyss:1)
  A komodo dragon (Lair:6)
  A raven (Depths:1)
  A baby alligator (Lair:6)
  3 two-headed ogres (Depths:2)
  A trapdoor spider (Depths:4)
  A ynoxinul (Abyss:1)
  2 death yak simulacra (IceCv)
  A spatial vortex (Abyss:1)
  An orc warrior (Elf:3)
  A mottled dragon (Lair:8)
  3 small abominations (Abyss:1)
  4 ogres (Depths:2)
  A spriggan simulacrum (IceCv)
  A warg (Depths:4)
  2 draconian simulacra (IceCv)
  An orange rat (Elf:3)
  3 centaur simulacra (IceCv)
  2 troll simulacra (IceCv)
  A wolf simulacrum (IceCv)
  5 green rats (Lair:3)
  An ogre simulacrum (IceCv)
  2 naga simulacra (IceCv)
  3 white imps (IceCv)
  2 orcs
  A bat zombie (D:6)
  2 quokkas
76 creatures vanquished.

Vanquished Creatures (others)
  A deep troll (IceCv)
  A deep elf knight (Elf:3)
  A necromancer (Depths:4)
  2 hill giants
  2 water elementals
  4 trolls
  A basilisk (Lair:8)
  A redback (Depths:4)
  6 yaks (D:13)
  4 fire elementals
  3 ogres
  A crocodile (Lair:8)
  A giant frog (D:13)
  3 spiders (IceCv)
  An orc priest (D:13)
  2 orc wizards (D:13)
  A boggart (D:14)
  2 orcs (Orc:3)
  A bat (D:9)
  A giant spore (D:9)
  A rat (D:9)
  A briar patch (Swamp:3)
  3 fungi
  12 plants
56 creatures vanquished.

Grand Total: 2029 creatures vanquished
